 Dungeon Crawl Stone Soup version 0.29.1-15-g9cfb28693d (webtiles) character file.

Game seed: 17352117782658325680

9 Pdiddy the Ruffian (level 2, -4/27 HPs)
             Began as a Troll Gladiator on May 2, 2023.
             Engulfed by a cloud of poison gas (5 damage)
             ... on level 2 of the Dungeon.
             The game lasted 00:14:29 (479 turns).

Pdiddy the Ruffian (Troll Gladiator)                 Turns: 479, Time: 00:14:29

Health: -4/27      AC:  4    Str: 21    XL:     2   Next: 3%
Magic:  1/1        EV: 10    Int:  4    God:
Gold:   23         SH:  0    Dex: 11    Spells: 1/1 levels left

rFire   . . .      SeeInvis .   h - +0 mace
rCold   . . .      Faith    .   (no shield)
rNeg    . . .      Spirit   .   a - +0 robe
rPois   .          Reflect  .   b - +0 hat
rElec   .          Harm     .   (no cloak)
rCorr   .          Rampage  .   (gloves unavailable)
Will    .....                   (boots unavailable)
Stlth   +.........              (no amulet)
HPRegen 0.89/turn               (no ring)
MPRegen 0.07/turn               (no ring)

@: lethally poisoned (-4 -> -43)
A: large, unfitting armour, claws 3, regeneration 1, shaggy fur 1, tough skin 1
a: no special abilities


You were on level 2 of the Dungeon.
You visited 1 branch of the dungeon, and saw 2 of its levels.

You collected 23 gold pieces.

Inventory:

Hand Weapons
 d - a +0 dagger
 f - a +0 club
 h - a +0 mace (weapon)
Missiles
 c - 3 throwing nets
 e - a large rock
Armour
 a - a +0 robe (worn)
 b - a +0 hat (worn)
 i - a +0 cloak


   Skills:
 + Level 1.6 Fighting
 + Level 1.8 Throwing
 + Level 2.7 Dodging
 + Level 3.2 Unarmed Combat


You had one spell level left.
You didn't know any spells.
Your spell library was empty.

Dungeon Overview and Level Annotations

Branches:
Dungeon (2/15)

Altars:


Innate Abilities, Weirdness & Mutations

You are too large for most types of armour.
You have claws for hands.
Your natural rate of healing is unusually fast.
You are covered in fur. (AC +1)
You have tough skin. (AC +1)


Message History

You hit the hobgoblin.
The hobgoblin is moderately wounded.
The hobgoblin hits you.
You sock the hobgoblin!
You kill the hobgoblin!
You have reached level 2!
Okay, then.
Found an escape hatch in the floor.
Found a twisted sapphire amulet.
g - a scroll labelled YSEIPR KIGGO The air fills with toxic fumes!
As you read the scroll labelled YSEIPR KIGGO, it crumbles to dust.
It was a scroll of poison.
Really walk into that cloud of poison gas? [Y]es or [N]o only, please.
Really walk into that cloud of poison gas? [Y]es or [N]o only, please.
Really walk into that cloud of poison gas? [Y]es or [N]o only, please.
Really walk into that cloud of poison gas? [Y]es or [N]o only, please.
Really walk into that cloud of poison gas? [Y]es or [N]o only, please.
Really walk into that cloud of poison gas? [Y]es or [N]o only, please.
Really walk into that cloud of poison gas? [Y]es or [N]o only, please.
Really walk into that cloud of poison gas?
Uppercase [Y]es or [N]o only, please.
Really walk into that cloud of poison gas?
You are engulfed in poison gas.
You are poisoned.
You feel very sick.
You are engulfed in poison gas.
You are lethally poisoned!
* * * LOW HITPOINT WARNING * * *
x2 You feel extremely sick.
You are engulfed in poison gas.
You are more poisoned.
You die...

#. # .##. #.
#.#.#.# §§ § §§§.
## #§#§#§§#
##§##§§#§§§##
##§§§#§§§§§§§##
##§§§§§#§§§§§§§#
##§§§§§§§.§§§§§§§
#.§§§§§§§@§§§§§§#
#§§§§§§§§§§§§§##
##§§§§§§##§§§§§§
#§§§§#§# #§####
#§#§(§§# ##
#.#(.§§# # #.§§##
#..## #..


There were no monsters in sight!

Vanquished Creatures
  A ball python (D:1)
  An endoplasm (D:2)
  2 hobgoblins
  A bat (D:1)
  2 kobolds (D:1)
  A rat (D:1)
8 creatures vanquished.

Notes
Turn   | Place    | Note
-------+----------+-------------------------------------------
     0 | D:1      | Pdiddy the Troll Gladiator began the quest for the Orb.
     0 | D:1      | Reached XP level 1. HP: 19/19 MP: 0/0
   467 | D:2      | Reached XP level 2. HP: 10/27 MP: 1/1
   478 | D:2      | HP: 1/27 [poisoned by you (poison gas)]
   479 | D:2      | Engulfed by a cloud of poison gas

Illustrated notes

Levels and vault maps discovered:
D:1:      wander_arrival_chamber, layout_loops_cross
D:2:      layout_loops_ring, minmay_misc_feat_iff, kennysheep_generic_room_15

Action                   || total
-------------------------++-------
Melee: Unarmed           ||    10
       Dagger            ||     9
       Mace              ||     8
       Punch             ||     2
Throw: Large rock        ||     2
       Throwing net      ||     1
  Use: Potion            ||     1
       Scroll            ||     1
Armor: Robe              ||    12
Dodge: Dodged            ||    15
